 Dungeon Crawl Stone Soup version 0.20.1-1-g8b1a95d (webtiles) character file.

119 equalderp2856 the Skirmisher (level 4, -1/35 HPs)
             Began as a Mummy Fighter on Oct 25, 2017.
             Slain by Sigmund
             ... wielding a +4 scythe of protection
              (11 damage)
             ... on level 2 of the Dungeon.
             The game lasted 00:01:50 (1699 turns).

equalderp2856 the Skirmisher (Mummy Fighter)        Turns: 1699, Time: 00:01:50

Health: -1/35      AC:  6    Str: 19    XL:     4   Next: 74%
Magic:  5/5        EV:  7    Int:  8    God:
Gold:   52         SH:  9    Dex: 11    Spells: 4/4 levels left

rFire    x . .     SeeInvis .   a - +0 war axe
rCold    + . .     Gourm    .   c - +0 shield
rNeg     + + +     Faith    .   b - +0 scale mail
rPois    ∞         Spirit   .   (no helmet)
rElec    .         Reflect  .   (no cloak)
rCorr    .         Harm     .   (no gloves)
MR       .....                  (no boots)
Stlth    ..........             (no amulet)
Regen    0.2/turn               (no ring)
MPRegen  0.1/turn               (no ring)

@: no status effects
A: no food or potions, fire vulnerability, cold resistance 1, negative energy
resistance 3, torment resistance, unbreathing
a: no special abilities


You were on level 2 of the Dungeon.
You were not hungry.

You visited 1 branch of the dungeon, and saw 2 of its levels.

You collected 52 gold pieces.

Inventory:

Hand Weapons
 a - a +0 war axe (weapon)
Armour
 b - a +0 scale mail (worn)
 c - a +0 shield (worn)
Jewellery
 h - an uncursed amulet of harm {unknown}
Scrolls
 d - 2 scrolls of identify {unknown}
 e - a scroll of teleportation {unknown}
 f - a scroll of enchant weapon {unknown}
 g - a scroll of fog {unknown}


   Skills:
 + Level 3.2 Fighting
 * Level 2.6 Axes
 + Level 2.8 Armour
 + Level 1.1 Dodging
 + Level 0.3 Stealth
 + Level 3.0 Shields
 * Level 0.8 Spellcasting


You had 4 spell levels left.
You didn't know any spells.

Dungeon Overview and Level Annotations

Branches:
Dungeon (2/15)

Altars:
Sif Muna

Annotations:
D:2 Sigmund


Innate Abilities, Weirdness & Mutations

You do not eat or drink.
Your flesh is vulnerable to fire.
You are immune to poison.
Your flesh is cold resistant. (rC+)
You are immune to negative energy. (rN+++)
You are immune to unholy pain and torment.
You can survive without breathing.


Message History

Sigmund is heavily wounded.
Sigmund gestures at you while chanting. The magic dart hits you!
You barely miss Sigmund.
Sigmund is heavily wounded.
Sigmund says, "Look into my eyes."
Sigmund hits you with a scythe of protection!
* * * LOW HITPOINT WARNING * * *
You are too injured to fight recklessly!
You are too injured to fight recklessly!
You are too injured to fight recklessly!
You are too injured to fight recklessly!
You are too injured to fight recklessly!
You are too injured to fight recklessly!
You are too injured to fight recklessly!
You are too injured to fight recklessly!
Unknown command.
Unknown command.
Sigmund hits you from afar with a scythe of protection!
You die...

#
.........................#
......##.................#
...........#.#.#.##.###..#
###...###..#.#.#.##.###..#
#...###..#............†.
#..............##.###.##
.........................
###.#.###..#.#.#.######.##
##.#.###@.#.#.#.# #..
......@.†.# ###.# #.#
..........# #.# #.
..........# .# ...#.####.#
..... .. .... .## ... ..
##. #


You could see Sigmund.

Vanquished Creatures
  Jessica (D:2)
  4 adders (D:2)
  2 worms (D:2)
  4 dart slugs
  2 leopard geckos
  A giant cockroach (D:1)
  7 goblins
  3 hobgoblins (D:1)
  A jackal (D:2)
  4 kobolds
  4 bats
  3 frilled lizards
  10 rats
46 creatures vanquished.

Notes
Turn   | Place    | Note
-------+----------+-------------------------------------------
     0 | D:1      | equalderp2856 the Mummy Fighter began the quest for the Orb.
     0 | D:1      | Reached XP level 1. HP: 18/18 MP: 1/1
    54 | D:1      | Reached XP level 2. HP: 24/24 MP: 2/2
   396 | D:1      | Reached XP level 3. HP: 19/29 MP: 3/3
   621 | D:2      | Noticed Sigmund
  1292 | D:2      | Noticed Jessica
  1298 | D:2      | Killed Jessica
  1298 | D:2      | Reached skill level 1 in Dodging
  1298 | D:2      | Reached XP level 4. HP: 30/35 MP: 4/4
  1649 | D:2      | Found a deep blue altar of Sif Muna.
  1699 | D:2      | Slain by Sigmund

Skill      XL: |  1  2  3 |
---------------+----------+-----
Axes           | 2 |  2.6
Shields        | 3 |  3.0
Dodging        | 1 |  1.1
Fighting       | |  3.2
Armour         | |  2.8
Stealth        | |  0.3
Spellcasting   | |  0.8

Action                   |  1- 3 |  4- 6 || total
-------------------------+-------+-------++-------
Melee: War axe           |   126 |    52 ||   178
Armor: Scale mail        |    54 |    25 ||    79
Dodge: Dodged            |    46 |    15 ||    61
Block: Shield            |    72 |    28 ||   100
